 Dungeon Sprint DCSS version 0.30-a0-1160-g6e42c06551 (webtiles) character file.

Game seed: 9712541976999385523

1690 sircluck the Severer (level 9, -11/93 HPs)
             Began as a Hill Orc Berserker on Apr 26, 2023.
             Was an Elder of Trog.
             Hit by a large rock thrown by a cyclops (21 damage)
             ... in the Dungeon (Sprint IX: "|||||||||||||||||||||||||||||").
             The game lasted 00:01:47 (375 turns).

sircluck the Severer (Hill Orc Berserker)            Turns: 375, Time: 00:01:48

Health: -11/93     AC: 15    Str: 24    XL:     9   Next: 2%
Magic:  9/9        EV:  9    Int:  7    God:    Trog [****..]
Gold:   0          SH:  0    Dex: 10    Spells: 8/8 levels left

rFire   . . .        q - +3 war axe (heavy)
rCold   . . .        (no shield)
rNeg    . . .        o - +0 plate armour
rPois   .            p - +0 helmet
rElec   .            (no cloak)
rCorr   .            (no gloves)
SInv    .            (no boots)
Will    .....        (no amulet) Stlth
                     (no ring)
HPRegen 0.35/turn    (no ring)
MPRegen 0.11/turn

%: no teleportation
@: on berserk cooldown, slowed, very slow
A: no striking features
a: Renounce Religion, Berserk, Trog's Hand, Brothers in Arms


You were in the Dungeon.
You worshipped Trog.
Trog was greatly pleased with you.
You visited 1 branch

Inventory:

Hand Weapons
 a - a +0 hand axe
 i - a +0 war axe
 q - a +3 heavy war axe (weapon)
 r - a +1 antimagic battleaxe
Armour
 b - a +0 animal skin
 j - a +0 leather armour
 o - a +0 plate armour (worn)
 p - a +0 helmet (worn)
Jewellery
 m - a +3 ring of intelligence
 n - a +2 ring of evasion
Wands
 l - a wand of acid (10)
Scrolls
 h - 2 scrolls of blinking
Potions
 c - 5 potions of curing
 d - 2 potions of heal wounds
 e - a potion of haste
 f - 4 potions of magic
 g - a potion of berserk rage
 k - a potion of invisibility


   Skills:
 + Level 13.4 Fighting
 + Level 15.6 Axes
 + Level 9.0 Armour
 + Level 6.8 Dodging
 + Level 0.1 Stealth


You had 8 spell levels left.
You didn't know any spells.
Your spell library was empty.

Dungeon Overview and Level Annotations

Branches:
Dungeon (1/1)

Altars:
Cheibriados
Dithmenos
Elyvilon
Fedhas
Gozag
Hepliaklqana
Kikubaaqudgha
Makhleb
Nemelex Xobeh
Okawaru
Qazlal
Ru
Sif Muna
Trog
Uskayaw
Vehumet
Wu Jian
Xom
Yredelemnul
Zin
The Shining One
Beogh
Jiyva
Lugonu


Message History

The cyclops hits you!
* * * LOW HITPOINT WARNING * * *
You slash the cyclops!
You kill the cyclops!
Trog accepts your kill.
Your Fighting skill increases to level 12!
Your Axes skill increases to level 14!
Your Armour skill increases to level 7!
Your Dodging skill increases to level 6!
You have reached level 8!
You slice the two-headed ogre!!
The two-headed ogre is heavily wounded.
The two-headed ogre hits you with a +0 giant club!
* * * LOW HITPOINT WARNING * * *
The two-headed ogre closely misses you.
You dice the two-headed ogre like an onion!!!
You kill the two-headed ogre!
Trog accepts your kill.
Your Fighting skill increases to level 13!
Your Axes skill increases to level 15!
Your Armour skill increases to level 8!
You closely miss the basilisk. The basilisk gazes at you.
You resist with some effort.
You slice the basilisk!! You punch the basilisk!
The basilisk is almost dead.
You slice the basilisk!!
You kill the basilisk!
Trog accepts your kill.
Your Armour skill increases to level 9!
You have reached level 9!
Your experience leads to an increase in your attributes!
Increase (S)trength, (I)ntelligence, or (D)exterity?
You feel stronger. x2
You feel a strong urge to attack something.
The cyclops throws a large rock.
The large rock hits you!!
* * * LOW HITPOINT WARNING * * *
You are no longer berserk.
You are exhausted.
You feel yourself slow down.
The cyclops throws a large rock.
The large rock hits you!!
You die... ▓▓▓▓▓▓▓▓▓▓▓▓▓▓▓▓▓▓▓▓▓▓▓▓▓▓▓▓▓▓▓▓▓ __________'.?).[@...'CE○°ec'○C.Ee ▓▓▓▓▓▓▓▓▓▓▓▓▓▓▓▓▓▓▓▓▓▓▓▓▓▓▓▓▓▓▓▓▓

You could see a cyclops and a fire elemental (summoned).

Vanquished Creatures
  A two-headed ogre (D)
  A cyclops (D)
  A yak (D)
  A basilisk (D)
  An orc warrior (D)
  2 centaurs (D)
  A scorpion (D)
  A gnoll sergeant (D)
  A killer bee (D)
  A hound (D)
  An adder (D)
  A shadow imp (D)
  An orc (D)
  An endoplasm (D)
  A goblin (D)
  A hobgoblin (D)
  A jackal (D)
  A kobold (D)
19 creatures vanquished.

Notes
Turn   | Place    | Note
-------+----------+-------------------------------------------
     0 | D        | sircluck the Hill Orc Berserker began the quest for the
                  | Orb.
     0 | D        | Reached XP level 1. HP: 19/19 MP: 1/1
    12 | D        | Reached ** piety under Trog
    17 | D        | Reached skill level 5 in Axes
    19 | D        | Reached XP level 2. HP: 22/28 MP: 2/2
    49 | D        | Noticed a scorpion
    52 | D        | Killed a scorpion
    53 | D        | Reached skill level 7 in Axes
    53 | D        | Reached XP level 3. HP: 38/38 MP: 3/3
    53 | D        | Reached XP level 4. HP: 45/45 MP: 4/4
    53 | D        | Reached *** piety under Trog
    54 | D        | Reached skill level 8 in Axes
    72 | D        | Reached XP level 5. HP: 36/53 MP: 5/5
    89 | D        | Found a roughly hewn altar of Beogh.
    89 | D        | Found a snail-covered altar of Cheibriados.
    89 | D        | Found a shadowy altar of Dithmenos.
    89 | D        | Found a white marble altar of Elyvilon.
    89 | D        | Found a blossoming altar of Fedhas.
    89 | D        | Found an opulent altar of Gozag.
    90 | D        | Found a hazy altar of Hepliaklqana.
    91 | D        | Found a viscous altar of Jiyva.
    92 | D        | Found an ancient bone altar of Kikubaaqudgha.
    93 | D        | Found a corrupted altar of Lugonu.
    94 | D        | Found a burning altar of Makhleb.
    95 | D        | Found a sparkling altar of Nemelex Xobeh.
    96 | D        | Found an iron altar of Okawaru.
    97 | D        | Found a stormy altar of Qazlal.
    98 | D        | Found a sacrificial altar of Ru.
    99 | D        | Found a shimmering blue altar of Sif Muna.
   100 | D        | Found a bloodstained altar of Trog.
   101 | D        | Found a hide-covered altar of Uskayaw.
   102 | D        | Found a radiant altar of Vehumet.
   103 | D        | Found an ornate altar of the Wu Jian Council.
   104 | D        | Found a shimmering altar of Xom.
   105 | D        | Found a basalt altar of Yredelemnul.
   106 | D        | Found a glowing silver altar of Zin.
   107 | D        | Found a glowing golden altar of the Shining One.
   166 | D        | Noticed a centaur
   166 | D        | Noticed an orc warrior
   166 | D        | Noticed a yak
   166 | D        | Noticed a centaur
   170 | D        | Reached **** piety under Trog
   171 | D        | Reached skill level 10 in Axes
   180 | D        | Killed a centaur
   181 | D        | Reached skill level 11 in Axes
   181 | D        | Reached XP level 6. HP: 56/66 MP: 6/6
   183 | D        | Killed an orc warrior
   184 | D        | Reached skill level 10 in Fighting
   184 | D        | Reached skill level 12 in Axes
   184 | D        | Reached skill level 5 in Armour
   184 | D        | Reached skill level 5 in Dodging
   188 | D        | Killed a yak
   188 | D        | Reached ***** piety under Trog
   189 | D        | Reached skill level 13 in Axes
   189 | D        | Reached XP level 7. HP: 33/74 MP: 7/7
   193 | D        | Received a gift from Trog
   348 | D        | Noticed a cyclops
   348 | D        | Noticed a two-headed ogre
   348 | D        | Noticed a basilisk
   348 | D        | Noticed a cyclops
   348 | D        | Noticed a deep elf pyromancer
   348 | D        | Noticed a centaur warrior
   351 | D        | Noticed a fire elemental
   366 | D        | Killed a cyclops
   367 | D        | Reached skill level 14 in Axes
   367 | D        | Reached XP level 8. HP: 36/83 MP: 8/8
   368 | D        | Killed a two-headed ogre
   369 | D        | Reached skill level 15 in Axes
   372 | D        | Reached XP level 9. HP: 33/93 MP: 9/9
   375 | D        | Hit by a large rock thrown by a cyclops

Illustrated notes

Levels and vault maps discovered:
D:        linesprint [early_d, line_temple, items_1, d_10, items_2, lair_1,
          lair_end, items_3, orc_1, orc_end, items_4, d_15, swamp_1, shoals_1,
          snake_1, spider_1, d_20, vaults_1, items_5, swamp_end, shoals_end,
          snake_end, spider_end, vaults_end, d_27, items_6, zot_1, zot_end,
          crypt_end, forest_end, elf_end, slime_end, tomb_end, abyss_end,
          pan_hell_end]

Skill      XL: |  1  2  3  4  5  6  7  8 |
---------------+-------------------------+-----
Fighting       | 4 6 7 9 11 12 13 | 13.4
Axes           | 5 7 8 11 13 14 15 | 15.6
Armour         | 3 4 5 7 9 |  9.0
Dodging        | 2 3 4 5 6 |  6.8
Stealth        | |  0.1

Action                     |  1- 3 |  4- 6 |  7- 9 || total
---------------------------+-------+-------+-------++-------
  Melee: Hand axe          |    16 |    18 |       ||    34
         War axe           |       |    18 |    13 ||    31
         Punch             |       |       |     1 ||     1
 Invoke: Berserk           |     1 |     1 |     1 ||     3
         Brothers in Arms  |       |       |     1 ||     1
    Use: Potion            |       |     1 |       ||     1
 Armour: Animal skin       |     1 |       |       ||     1
         Plate armour      |       |    23 |     8 ||    31
  Dodge: Dodged            |     9 |    24 |     7 ||    40

Table legend: (Time is in decaauts)
 A = Elapsed time spent in this place.
 B = Non-inter-level travel time spent in this place.
 C = Inter-level travel time spent in this place.
 D = Time resting spent in this place.
 E = Time spent auto-exploring this place.
 F = Levels seen in this place.
 G = Mean time per level.
                   A        B        C        D        E       F      G
               +--------+--------+--------+--------+--------+-----+--------+
         Total |    395 |    395 |      0 |    142 |     30 |   1 |  395.0 |
       Dungeon |    395 |    395 |      0 |    142 |     30 |   1 |  395.0 |
               +--------+--------+--------+--------+--------+-----+--------+

Top non-repeatable levels by time:
       D: 395 daAuts
